 Dungeon Crawl Stone Soup version 0.29-a0-468-ge57f7f99b4 (webtiles) character file.

Game seed: 1571601710980123823

3217 YayAnonymity the Blocker (level 9, 0/74 HPs)
             Began as a Gnoll Fighter on May 21, 2022.
             Was a Priest of Okawaru.
             Slain by Prince Ribbit (3 damage)
             ... on level 8 of the Dungeon.
             The game lasted 00:10:03 (8132 turns).

YayAnonymity the Blocker (Gnoll Fighter)            Turns: 8132, Time: 00:10:03

Health: 0/74       AC: 14    Str: 24    XL:     9   Next: 97%
Magic:  16/16      EV: 10    Int: 10    God:    Okawaru [***...]
Gold:   261        SH:  6    Dex: 17    Spells: 17/17 levels left

rFire   . . .      SeeInvis .   b - +6 war axe "Fikhel" {vorpal, rPois Will- Str+6}
rCold   + . .      Faith    .   c - +0 buckler
rNeg    . . .      Spirit   .   z - +0 chain mail
rPois   +          Reflect  .   (no helmet)
rElec   .          Harm     .   (no cloak)
rCorr   .          Rampage  .   (no gloves)
Will    .....                   p - +2 pair of boots
Stlth   ..........              l - amulet of the acrobat
HPRegen 0.22/turn               o - ring of protection from cold
MPRegen 0.15/turn               s - +6 ring of dexterity

@: no status effects
A: fangs 1, strong nose, distributed training
a: Renounce Religion, Heroism


You were on level 8 of the Dungeon.
You worshipped Okawaru.
Okawaru was most pleased with you.
You visited 2 branches of the dungeon, and saw 9 of its levels.
You also visited: Sewer.

You collected 261 gold pieces.

Inventory:

Hand Weapons
 a - a +0 spear of protection
 b - the +6 war axe "Fikhel" (weapon) {vorpal, rPois Will- Str+6}
   (You found it on level 5 of the Dungeon)

   It inflicts extra damage upon your enemies.
   Str:       It affects your strength (+6).
   rPois:     It protects you from poison.
   Will:      It decreases your willpower.
Missiles
 m - 2 throwing nets
 r - 4 poisoned darts (quivered)
 y - 8 boomerangs
Armour
 c - a +0 buckler (worn)
 p - a +2 pair of boots (worn)
 z - a +0 chain mail (worn)
Jewellery
 l - an amulet of the acrobat (around neck)
 o - a ring of protection from cold (left hand)
 s - a +6 ring of dexterity (right hand)
Wands
 g - a wand of flame (22)
 v - a wand of paralysis (7)
 B - a wand of acid (8)
Scrolls
 e - 4 scrolls of teleportation
 k - 2 scrolls of amnesia
 A - 2 scrolls of poison
 D - 2 scrolls of fear
 F - a scroll of magic mapping
Potions
 d - 3 potions of might
 f - a potion of cancellation
 h - 3 potions of curing
 i - 2 potions of attraction
 j - 3 potions of brilliance
 n - 3 potions of lignification
 q - 2 potions of heal wounds
 t - a potion of invisibility
 u - a potion of magic
 w - a potion of ambrosia
 x - a potion of haste {unknown}
 C - 2 potions of mutation {unknown}
 G - a potion of berserk rage {unknown}


   Skills:
 + Level 8.2 Fighting
 + Level 4.7 Short Blades
 + Level 4.7 Long Blades
 + Level 4.7 Axes
 + Level 4.7 Maces & Flails
 + Level 6.7 Polearms
 + Level 4.7 Staves
 + Level 4.7 Slings
 + Level 4.7 Bows
 + Level 4.7 Crossbows
 + Level 4.7 Throwing
 + Level 8.2 Armour
 + Level 4.7 Dodging
 + Level 4.7 Stealth
 + Level 8.2 Shields
 + Level 4.7 Unarmed Combat
 + Level 4.7 Spellcasting
 + Level 3.9 Conjurations
 + Level 3.9 Hexes
 + Level 3.9 Summonings
 + Level 3.9 Necromancy
 + Level 3.9 Translocations
 + Level 3.9 Transmutations
 + Level 3.9 Fire Magic
 + Level 3.9 Ice Magic
 + Level 3.9 Air Magic
 + Level 3.9 Earth Magic
 + Level 3.9 Poison Magic
 + Level 5.2 Invocations
 + Level 4.7 Evocations


You had 17 spell levels left.
You didn't know any spells.
Your spell library contained the following spells:

 Spells                   Type           Power      Damage    Failure   Level
 Blink                    Tloc           20%        N/A       45%         2
 Lesser Beckoning         Tloc           10%        N/A       71%         3
 Blade Hands              Tmut           5%         N/A       100%        5
 Irradiate                Conj/Tmut      5%         3d15      100%        5
 Manifold Assault         Tloc           10%        N/A       100%        5
 Dragon Form              Tmut           5%         N/A       100%        7
 Summon Small Mammal      Summ           Unusable   N/A       N/A         1
 Call Canine Familiar     Summ           Unusable   N/A       N/A         3
 Summon Guardian Golem    Hex/Summ       Unusable   N/A       N/A         3

Dungeon Overview and Level Annotations

Branches:
Dungeon (8/15)             Temple (1/1) D:5           Sewer (visited)
   Lair: D:8-11

Altars:
Ashenzari
Cheibriados
Dithmenos
Elyvilon
Fedhas
Gozag
Hepliaklqana
Kikubaaqudgha
Makhleb
Nemelex Xobeh
Okawaru
Ru
Sif Muna
Trog
Uskayaw
Vehumet
Wu Jian
Xom
Yredelemnul
Zin
The Shining One

Annotations:
D:8 Prince Ribbit


Innate Abilities, Weirdness & Mutations

You have very sharp teeth.
Your uncanny sense of smell can sniff out nearby items.
Your experience applies equally to all skills.


Message History

You hear some strange, mumbled words.
A magic dart appears from out of thin air!
The magic dart hits you! The orc warrior barely misses you.
You block something's attack.
The orc warrior hits you but does no damage.
You are too injured to fight recklessly!
You are too injured to fight recklessly!
You are too injured to fight recklessly!
You slash the orc warrior!
The orc warrior is almost dead.
You hit something. The orc warrior closely misses you.
You block something's attack.
Prince Ribbit blinks!
You hit the orc warrior.
The orc warrior is almost dead.
You slash something! Okawaru accepts your kill.
Reactivating autopickup.
You feel a bit more experienced.
The orc warrior hits you with a +0 broad axe.
You closely miss the orc warrior.
You bite the orc warrior, but do no damage.
The orc warrior is almost dead.
Prince Ribbit hops awkwardly around.
You block the orc warrior's attack.
The orc warrior hits you with a +0 broad axe!
* * * LOW HITPOINT WARNING * * *
You hit the orc warrior but do no damage.
You bite the orc warrior, but do no damage.
The orc warrior is almost dead.
You block the orc warrior's attack.
You closely miss the orc warrior.
The orc warrior is almost dead.
The orc warrior hits you with a +0 broad axe!
* * * LOW HITPOINT WARNING * * *
You hit the orc warrior.
You kill the orc warrior!
Okawaru accepts your kill.
Okawaru will now gift you ammunition as you gain piety.
You hit Prince Ribbit but do no damage. Prince Ribbit hits you.
You die...

.....................
.....................
#######.#####.###.###
#.# #.## .# #.# #..#
.# #.# ##.##.# #.#
#.(#.# #.# ##.#F#
#.@)#
.......)))......
########.......#
#.......# #.......#
#.......# #.......#
#.......#


You could see Prince Ribbit.

Vanquished Creatures
  4 water moccasins
  An ice beast (D:5)
  Pargi (Sewer)
  An orc warrior (D:8)
  2 black bears (D:6)
  3 sky beasts
  3 ogres
  3 phantoms
  2 bullfrogs
  A kobold brigand (D:8)
  A gnoll sergeant (D:5)
  6 scorpions
  A necrophage (D:6)
  4 killer bees (D:7)
  3 jellies
  2 orc priests (D:6)
  4 hounds
  A gnoll shaman (D:7)
  2 orc wizards (D:8)
  5 iguanas
  12 gnolls
  12 adders
  A shadow imp (D:4)
  A white imp (D:5)
  An ufetubus (D:5)
  2 worms
  2 dart slugs
  9 orcs
  8 endoplasms
  8 giant cockroaches
  6 goblins
  6 hobgoblins
  3 jackals (D:4)
  11 kobolds
  7 quokkas
  7 ball pythons
  7 bats
  16 frilled lizards
  5 rats
174 creatures vanquished.

Vanquished Creatures (others)
  7 plants (D:6)
7 creatures vanquished.

Grand Total: 181 creatures vanquished

Notes
Turn   | Place    | Note
-------+----------+-------------------------------------------
     0 | D:1      | YayAnonymity the Gnoll Fighter began the quest for the Orb.
     0 | D:1      | Reached XP level 1. HP: 23/23 MP: 1/1
   240 | D:1      | Reached XP level 2. HP: 29/29 MP: 2/2
   948 | D:2      | Reached XP level 3. HP: 29/35 MP: 2/4
  1068 | D:2      | Reached skill level 1 in Invocations
  1246 | D:2      | Reached skill level 1 in Short Blades
  1246 | D:2      | Reached skill level 1 in Long Blades
  1246 | D:2      | Reached skill level 1 in Axes
  1246 | D:2      | Reached skill level 1 in Maces & Flails
  1246 | D:2      | Reached skill level 1 in Staves
  1246 | D:2      | Reached skill level 1 in Slings
  1246 | D:2      | Reached skill level 1 in Bows
  1246 | D:2      | Reached skill level 1 in Crossbows
  1246 | D:2      | Reached skill level 1 in Throwing
  1246 | D:2      | Reached skill level 1 in Dodging
  1246 | D:2      | Reached skill level 1 in Stealth
  1246 | D:2      | Reached skill level 1 in Unarmed Combat
  1246 | D:2      | Reached skill level 1 in Spellcasting
  1246 | D:2      | Reached skill level 1 in Evocations
  1361 | D:2      | Reached XP level 4. HP: 25/41 MP: 5/5
  1845 | D:3      | Reached skill level 1 in Conjurations
  1845 | D:3      | Reached skill level 1 in Hexes
  1845 | D:3      | Reached skill level 1 in Summonings
  1845 | D:3      | Reached skill level 1 in Necromancy
  1845 | D:3      | Reached skill level 1 in Translocations
  1845 | D:3      | Reached skill level 1 in Transmutations
  1845 | D:3      | Reached skill level 1 in Fire Magic
  1845 | D:3      | Reached skill level 1 in Ice Magic
  1845 | D:3      | Reached skill level 1 in Air Magic
  1845 | D:3      | Reached skill level 1 in Earth Magic
  1845 | D:3      | Reached skill level 1 in Poison Magic
  2294 | D:3      | Reached XP level 5. HP: 47/47 MP: 5/7
  2626 | D:4      | Reached XP level 6. HP: 44/53 MP: 8/8
  3110 | D:4      | Reached skill level 5 in Polearms
  3566 | D:5      | Entered Level 5 of the Dungeon
  3695 | D:5      | Reached XP level 7. HP: 35/59 MP: 10/10
  4119 | D:5      | Identified the +6 war axe "Fikhel" {vorpal, rPois Will-
                  | Str+6}
  4405 | D:5      | Reached XP level 8. HP: 54/67 MP: 12/12
  4931 | D:5      | Found a staircase to the Ecumenical Temple.
  4948 | Temple   | Entered the Ecumenical Temple
  5132 | Temple   | Became a worshipper of Warmaster Okawaru
  5867 | D:6      | Reached * piety under Okawaru
  5962 | D:6      | Found a glowing drain.
  5983 | D:6      | Reached XP level 9. HP: 55/72 MP: 14/14
  6057 | Sewer    | Entered a sewer
  6086 | Sewer    | Noticed Pargi
  6091 | Sewer    | Killed Pargi
  6808 | D:6      | Reached ** piety under Okawaru
  7665 | D:7      | Reached skill level 5 in Invocations
  8115 | D:8      | Noticed Prince Ribbit
  8131 | D:8      | HP: 3/74 [orc warrior/+0 broad axe (15)]
  8132 | D:8      | Reached *** piety under Okawaru
  8132 | D:8      | Slain by Prince Ribbit

Illustrated notes

Levels and vault maps discovered:
D:1:      ebering_trefoil_twist, layout_loops_corners
D:2:      layout_rooms, chequers_serial_rivers_small_3
D:3:      layout_loops_cross
D:4:      layout_basic, minmay_misc_feat_doors, minmay_misc_feat_rugged
D:5:      layout_layer_cave, minmay_temple_entry_hall
D:6:      layout_loops_ring, gup_sewer_entry_glass, hangedman_decor_growths,
          minmay_misc_feat_diagonals, minmay_lizard_king
D:7:      layout_basic
D:8:      layout_basic, serial_shops, nicolae_diamond_shop, uniq_prince_ribbit1
Temple:   mainiacjoe_temple_starburst

Skill      XL: |  1  2  3  4  5  6  7  8  9 |
---------------+----------------------------+-----
Invocations    | 1 2 3 4 5 |  5.2
Short Blades   | 1 2 3 4 |  4.7
Long Blades    | 1 2 3 4 |  4.7
Axes           | 1 2 3 4 |  4.7
Maces & Flails | 1 2 3 4 |  4.7
Staves         | 1 2 3 4 |  4.7
Slings         | 1 2 3 4 |  4.7
Bows           | 1 2 3 4 |  4.7
Crossbows      | 1 2 3 4 |  4.7
Throwing       | 1 2 3 4 |  4.7
Dodging        | 1 2 3 4 |  4.7
Stealth        | 1 2 3 4 |  4.7
Unarmed Combat | 1 2 3 4 |  4.7
Spellcasting   | 1 2 3 4 |  4.7
Evocations     | 1 2 3 4 |  4.7
Conjurations   | 1 2 3 |  3.9
Hexes          | 1 2 3 |  3.9
Summonings     | 1 2 3 |  3.9
Necromancy     | 1 2 3 |  3.9
Translocations | 1 2 3 |  3.9
Transmutations | 1 2 3 |  3.9
Fire Magic     | 1 2 3 |  3.9
Ice Magic      | 1 2 3 |  3.9
Air Magic      | 1 2 3 |  3.9
Earth Magic    | 1 2 3 |  3.9
Poison Magic   | 1 2 3 |  3.9
Polearms       | 5 6 |  6.7
Fighting       | 7 8 |  8.2
Armour         | 7 8 |  8.2
Shields        | 7 8 |  8.2

Action                   |  1- 3 |  4- 6 |  7- 9 || total
-------------------------+-------+-------+-------++-------
Melee: Trident           |    46 |       |       ||    46
       Bite              |    10 |    18 |    28 ||    56
       Spear             |    88 |   184 |    53 ||   325
       War axe           |       |       |   249 ||   249
  Use: Scroll            |       |    10 |    12 ||    22
       Potion            |       |       |     1 ||     1
Armor: Scale mail        |    38 |    66 |       ||   104
       Chain mail        |       |       |   166 ||   166
Dodge: Dodged            |    52 |    56 |   148 ||   256
Block: Buckler           |    22 |    32 |   111 ||   165

Table legend: (Time is in decaauts)
 A = Elapsed time spent in this place.
 B = Non-inter-level travel time spent in this place.
 C = Inter-level travel time spent in this place.
 D = Time resting spent in this place.
 E = Time spent auto-exploring this place.
 F = Levels seen in this place.
 G = Mean time per level.
                   A        B        C        D        E       F      G
               +--------+--------+--------+--------+--------+-----+--------+
         Total |   8224 |   7936 |    288 |    538 |   5952 |  10 |  822.4 |
       Dungeon |   7369 |   7152 |    217 |    538 |   5346 |   8 |  921.1 |
        Temple |    585 |    514 |     71 |      0 |    498 |   1 |  585.0 |
         Sewer |    268 |    268 |      0 |      0 |    107 |   1 |  268.0 |
               +--------+--------+--------+--------+--------+-----+--------+

Top non-repeatable levels by time:
     D:5: 1674 daAuts
     D:6: 1222 daAuts
     D:4: 988 daAuts
     D:1: 895 daAuts
     D:3: 877 daAuts
     D:7: 875 daAuts
     D:2: 782 daAuts
  Temple: 585 daAuts
   Sewer: 268 daAuts
     D:8: 54 daAuts
